 Dungeon Crawl Stone Soup version 0.20-a0-893-g832831a (webtiles) character file.

3170 nikopol the Fighter (level 9, -4/83 HPs)
             Began as a Minotaur Berserker on Mar 17, 2017.
             Was a High Priest of Trog.
             Killed from afar by an electric eel (15 damage)
             ... with a bolt of electricity
             ... on level 7 of the Dungeon.
             The game lasted 00:17:23 (7012 turns).

nikopol the Fighter (Minotaur Berserker)            Turns: 7012, Time: 00:17:23

Health: -4/83      AC: 13    Str: 22    XL:     9   Next: 63%
Magic:  8/8        EV: 14    Int:  4    God:    Trog [*****.]
Gold:   374        SH:  0    Dex: 13    Spells: 8/8 levels left

rFire    . . .     SeeInvis .   C - +3 hand axe
rCold    . . .     Gourm    .   x - +0 scale mail
rNeg     . . .     Faith    .   (no shield)
rPois    .         Spirit   .   (helmet restricted)
rElec    .         Reflect  .   d - +1 cloak
rCorr    .         Harm     .   l - +0 pair of gloves
MR       .....                  F - +0 pair of boots
Stlth    ..........             I - amulet of regeneration
Regen    0.7/turn               (no ring)
MPRegen  0.2/turn               (no ring)

@: no status effects
A: retaliatory headbutt, horns 2
a: Berserk, Trog's Hand, Brothers in Arms, Burn Spellbooks, Renounce Religion


You were on level 7 of the Dungeon.
You worshipped Trog.
Trog was extremely pleased with you.
You were hungry.

You visited 1 branch of the dungeon, and saw 7 of its levels.
You also visited: Sewer.

You collected 374 gold pieces.

Inventory:

Hand Weapons
 C - a +3 hand axe (weapon)
Missiles
 w - 106 arrows
Armour
 d - a +1 cloak (worn)
 l - a +0 pair of gloves (worn)
 x - a +0 scale mail (worn)
 F - a +0 pair of boots (worn)
Jewellery
 b - an uncursed ring of positive energy {unknown}
 I - an amulet of regeneration (around neck)
Wands
 g - a wand of polymorph (10/24)
 L - a wand of paralysis (11/24)
Scrolls
 e - 4 scrolls of teleportation {unknown}
 i - a scroll of enchant armour {unknown}
 j - 2 scrolls of amnesia {unknown}
 n - 3 scrolls of random uselessness {unknown}
 o - 2 scrolls of noise {unknown}
 q - 4 scrolls of identify
 u - a scroll of magic mapping
 D - a scroll of remove curse
 E - a scroll of fear {unknown}
Potions
 a - a potion of resistance {unknown}
 h - 5 potions of haste
 k - 4 potions of curing
 p - a potion of might {unknown}
 r - a potion of brilliance {unknown}
 t - a potion of invisibility {unknown}
 z - a potion of degeneration {unknown}
 B - a potion of flight {unknown}
 G - a potion of ambrosia {unknown}
 H - a potion of heal wounds {unknown}
 M - a potion of cancellation {unknown}
Comestibles
 c - 5 bread rations
 f - 2 royal jellies
 m - 5 meat rations
 A - 6 fruits


   Skills:
 + Level 9.0 Fighting
 + Level 8.9 Axes
 + Level 8.4 Armour
 + Level 7.8 Dodging


You had 8 spell levels left.
You didn't know any spells.

Dungeon Overview and Level Annotations

Branches:
Dungeon (7/15)             Temple (0/1) D:5

Altars:
Ashenzari
Cheibriados
Dithmenos
Fedhas
Okawaru
Sif Muna
Xom

Shops:
D:7 *


Innate Abilities, Weirdness & Mutations

You reflexively headbutt those who attack you in melee.
You have a pair of horns on your head.


Message History

The bolt of electricity misses you.
Found 13 gold pieces.
The electric eel shoots out a bolt of lightning at you!
The bolt of electricity hits you!
You are too injured to fight recklessly!
You are too injured to fight recklessly!
You are too injured to fight recklessly!
You are too injured to fight recklessly!
You are too injured to fight recklessly!
You are too injured to fight recklessly!
You are too injured to fight recklessly!
The electric eel shoots out a bolt of lightning at you!
The bolt of electricity hits you!
* * * LOW HITPOINT WARNING * * *
The electric eel shoots out a bolt of lightning at you!
The bolt of electricity hits you!
* * * LOW HITPOINT WARNING * * *
The electric eel shoots out a bolt of lightning at you!
The bolt of electricity hits you!
You die...

..........# #.........##
##........# #....^.....#
#..#......# #..........#
#.......... #..........#
#.≈≈≈≈≈.≈≈≈ #..........#
#.≈≈≈≈≈.≈≈≈ #..........#
##.≈;≈≈≈.≈≈≈ ##.........#
#..≈≈;≈≈.≈≈≈
#.>.......####.@......≈≈≈
#...............≈≈≈≈.....
###.#####........≈≈≈≈.≈≈≈≈
.......##........≈≈≈≈.≈;≈≈
....##.##........≈≈≈≈.≈≈≈≈
....##.##........≈≈≈≈.≈≈≈≈
....##.##...............$.
....##.##..........####.#.
....##.##..........#


You could see 3 electric eels.

Vanquished Creatures
  Grinder (D:5)
  Menkaure (D:5)
  Edmund (D:5)
  Duvessa (D:5)
  An ice beast (D:7)
  2 phantoms
  3 ogres
  3 big kobolds (Sewer)
  A bullfrog (D:7)
  A gnoll sergeant (D:5)
  A wyvern zombie (D:6)
  Dowan (D:5)
  3 scorpions
  4 killer bees (D:7)
  3 howler monkeys (D:7)
  3 wights (D:7)
  2 crimson imps
  4 orc priests
  6 hounds
  Crazy Yiuf (D:3)
  2 bullfrog skeletons
  A jelly (D:6)
  3 iguanas
  4 worker ants
  A killer bee zombie (D:7)
  A worker ant zombie (D:5)
  Robin (D:3)
  4 gnolls (D:5)
  15 adders
  2 river rats (Sewer)
  4 oozes
  An adder skeleton (D:3)
  9 worms
  2 dart slugs (D:2)
  3 leopard geckos
  14 orcs
  4 ball pythons
  8 bats
  9 giant cockroaches
  10 hobgoblins
  28 jackals
  2 quokkas (D:4)
  7 frilled lizards
  21 goblins
  8 kobolds
  A leopard gecko skeleton (D:4)
  A quokka zombie (D:5)
  7 rats
216 creatures vanquished.

Notes
Turn   | Place    | Note
-------+----------+-------------------------------------------
     0 | D:1      | nikopol the Minotaur Berserker began the quest for the Orb.
     0 | D:1      | Reached XP level 1. HP: 19/19 MP: 0/0
   248 | D:1      | Reached XP level 2. HP: 21/26 MP: 1/1
  1000 | D:2      | Reached XP level 3. HP: 30/33 MP: 2/2
  1070 | D:2      | Found an iron altar of Okawaru.
  1078 | D:2      | Found a deep blue altar of Sif Muna.
  1081 | D:2      | Found a shadowy altar of Dithmenos.
  1084 | D:2      | Found a shattered altar of Ashenzari.
  1108 | D:2      | Reached skill level 4 in Fighting
  1144 | D:2      | Reached ** piety under Trog
  1328 | D:2      | Reached XP level 4. HP: 36/41 MP: 3/3
  1330 | D:2      | Found a shimmering altar of Xom.
  1336 | D:2      | Found a shimmering altar of Xom.
  1337 | D:2      | Found a shimmering altar of Xom.
  2169 | D:3      | Found a runed door.
  2173 | D:3      | Noticed Crazy Yiuf
  2182 | D:3      | Killed Crazy Yiuf
  2409 | D:3      | Reached XP level 5. HP: 41/47 MP: 4/4
  2722 | D:3      | Reached *** piety under Trog
  2818 | D:3      | Noticed Robin
  2823 | D:3      | Reached skill level 5 in Fighting
  2831 | D:3      | Killed Robin
  3431 | D:4      | Noticed a phantom
  3448 | D:4      | Killed a phantom
  3448 | D:4      | Reached skill level 5 in Axes
  3448 | D:4      | Reached XP level 6. HP: 52/56 MP: 5/5
  4155 | D:5      | Entered Level 5 of the Dungeon
  4155 | D:5      | Noticed Duvessa
  4155 | D:5      | Noticed Dowan
  4161 | D:5      | Killed Duvessa
  4161 | D:5      | Reached XP level 7. HP: 62/62 MP: 6/6
  4163 | D:5      | Killed Dowan
  4163 | D:5      | Reached skill level 6 in Fighting
  4163 | D:5      | Reached skill level 5 in Dodging
  4216 | D:5      | Reached skill level 5 in Armour
  4277 | D:5      | Found a glowing drain.
  4278 | D:5      | Noticed Menkaure
  4286 | D:5      | Reached **** piety under Trog
  4291 | D:5      | Killed Menkaure
  4471 | Sewer    | Entered a sewer
  4740 | Sewer    | Reached XP level 8. HP: 67/71 MP: 7/7
  5110 | D:5      | Reached skill level 7 in Fighting
  5371 | D:5      | Noticed Edmund
  5371 | D:5      | Found a staircase to the Ecumenical Temple.
  5384 | D:5      | Killed Edmund
  5441 | D:5      | Reached ***** piety under Trog
  5443 | D:5      | Noticed Grinder
  5467 | D:5      | Killed Grinder
  5607 | D:5      | Reached skill level 8 in Fighting
  6052 | D:6      | Reached XP level 9. HP: 81/81 MP: 8/8
  6185 | D:6      | Found a blossoming altar of Fedhas.
  6208 | D:6      | Found a snail-covered altar of Cheibriados.
  6568 | D:7      | Found Diynah's Desiderata Depot.
  6728 | D:7      | Reached skill level 9 in Fighting
  6743 | D:7      | Found an iron altar of Okawaru.
  7012 | D:7      | Killed from afar by an electric eel

Vault maps used:
D:1:      lightli_molten_gateway
D:2:      grunt_temple_overflow_cloverleaf, first_bread, xom_redecorated
D:3:      kennysheep_goblin_castle, uniq_crazy_yiuf_cottage
D:4:      grunt_ministairs_13
D:5:      minmay_temple_entry_glass, gup_sewer_entry_glass, uniq_grinder,
          uniq_edmund, uniq_duvessa, uniq_menkaure
D:6:      grunt_temple_overflow_open
D:7:      grunt_ogre_cave, minivault_14, nicolae_alphabet_shops,
          okawaru_ov_weapons_minmay
Sewer:    sewer_co_tree

Skill      XL: |  1  2  3  4  5  6  7  8  9 |
---------------+----------------------------+-----
Dodging        | 3 4 5 6 7 |  7.8
Axes           | 4 5 6 7 8 |  8.9
Fighting       | 4 5 6 8 9 |  9.0
Armour         | 3 4 5 7 8 |  8.4

Action                   |  1- 3 |  4- 6 |  7- 9 || total
-------------------------+-------+-------+-------++-------
Melee: Hand axe          |    72 |   135 |   329 ||   536
       Headbutt          |     8 |    34 |    64 ||   106
Invok: Berserk           |       |     2 |     3 ||     5
       Burn Spellbooks   |       |     1 |     1 ||     2
  Use: Scroll            |       |     2 |     2 ||     4
  Eat: Chunk             |     1 |    10 |    12 ||    23
       Fruit             |       |       |     1 ||     1
Armor: Animal skin       |    21 |     8 |       ||    29
       Ring mail         |       |    26 |       ||    26
       Scale mail        |       |    15 |   124 ||   139
Dodge: Dodged            |    54 |   120 |   198 ||   372
